 Dungeon Crawl Stone Soup version 0.29-a0-925-g0a7a3d12f8 (webtiles) character file.

Game seed: 4257907726412902602

15 Crookyman the Slasher (level 2, 0/22 HPs)
             Began as a Demonspawn Gladiator on July 29, 2022.
             Slain by a jackal (2 damage)
             ... on level 1 of the Dungeon.
             The game lasted 00:01:12 (963 turns).

Crookyman the Slasher (Demonspawn Gladiator)         Turns: 963, Time: 00:01:13

Health: 0/22       AC:  3    Str: 14    XL:     2   Next: 34%
Magic:  2/2        EV: 12    Int:  9    God:
Gold:   170        SH:  0    Dex: 14    Spells: 1/1 levels left

rFire   . . .      SeeInvis .   a - +0 long sword
rCold   . . .      Faith    .   (no shield)
rNeg    . . .      Spirit   .   b - +0 leather armour
rPois   .          Reflect  .   (helmet restricted)
rElec   .          Harm     .   (no cloak)
rCorr   .          Rampage  .   (no gloves)
Will    .....                   (no boots)
Stlth   +.........              (no amulet)
HPRegen 0.07/turn               (no ring)
MPRegen 0.08/turn               (no ring)

@: about to teleport
A: antennae 1
a: no special abilities


You were on level 1 of the Dungeon.
You visited 1 branch of the dungeon, and saw 1 of its levels.

You collected 170 gold pieces.

Inventory:

Hand Weapons
 a - a +0 long sword (weapon)
Missiles
 d - 3 throwing nets (quivered)
 e - a javelin
Armour
 b - a +0 leather armour (worn)
 c - a +0 helmet
Scrolls
 f - a scroll of teleportation
Potions
 g - a potion of resistance {unknown}
 h - a potion of heal wounds {unknown}
 i - a potion of flight {unknown}


   Skills:
 + Level 2.1 Fighting
 + Level 3.1 Long Blades
 + Level 1.8 Throwing
 + Level 0.5 Armour
 + Level 2.7 Dodging


You had one spell level left.
You didn't know any spells.
Your spell library contained the following spells:

 Spells                   Type           Power      Damage    Failure   Level
 Sublimation of Blood     Necr           0%         N/A       61%         2
 Wereblood                Tmut           0%         N/A       61%         2
 Summon Forest            Summ/Tloc      0%         N/A       100%        5
 Eringya's Noxious Bog    Tmut/Pois      0%         N/A       100%        6
 Summon Hydra             Summ           0%         N/A       100%        7


Dungeon Overview and Level Annotations

Branches:
Dungeon (1/15)

Altars:


Innate Abilities, Weirdness & Mutations

You have a pair of small antennae on your head.


Message History

A kobold and a jackal come into view.
The kobold shouts!
The jackal barks!
The kobold throws a stone.
The stone hits you but does no damage.
Found 7 gold pieces.
The jackal completely misses you.
You closely miss the jackal. The jackal barely misses you. x2
The jackal bites you.
You closely miss the jackal. The jackal closely misses you. x2
The kobold throws a stone.
The stone barely misses you.
A rat comes into view.
A quokka comes into view.
The jackal barely misses you. The jackal bites you.
You hit the kobold.
You kill the kobold!
The jackal bites you. x2
You barely miss the jackal. The jackal closely misses you.
The jackal bites you but does no damage.
The kobold hits you with a +0 dagger.
The jackal bites you but does no damage.
The jackal barely misses you. The kobold barely misses you.
The kobold closely misses you.
You hit the jackal but do no damage. The jackal bites you. x2
The kobold hits you with a +0 short sword.
* * * LOW HITPOINT WARNING * * *
The jackal bites you.
* * * LOW HITPOINT WARNING * * *
The kobold hits you with a +0 dagger.
* * * LOW HITPOINT WARNING * * *
The jackal closely misses you.
You are too injured to fight recklessly!
You are too injured to fight recklessly!
You are too injured to fight recklessly!
You are too injured to fight recklessly!
You are too injured to fight recklessly!
You are too injured to fight recklessly!
You are too injured to fight recklessly!
You are too injured to fight recklessly!
You are too injured to fight recklessly!
As you read the scroll labelled ZUTEPU XIDINON, it crumbles to dust.
You feel strangely unstable.
It was a scroll of teleportation.
The jackal misses you. The jackal bites you.
You die...

#..##รท## ##...##
....... ###### ....... #
. ##....... # #.
########........ #
#.####......#.......$
#...#........r.......
######.........)hh......
.....##.........@Kr.....
.....#...........K[.....
...P.PP..........#......
...P.............###....
...P...P........## ...
...P...P.........# ..
...P..PP.........# .
.....##..........#
...>.##..........#


You could see a quokka, 2 jackals, 2 kobolds and a rat.

Vanquished Creatures
  3 goblins (D:1)
  A hobgoblin (D:1)
  2 quokkas (D:1)
  2 ball pythons (D:1)
  2 bats (D:1)
  3 frilled lizards (D:1)
  2 kobolds (D:1)
  2 rats (D:1)
17 creatures vanquished.

Vanquished Creatures (others)
  5 toadstools (D:1)
5 creatures vanquished.

Grand Total: 22 creatures vanquished

Notes
Turn   | Place    | Note
-------+----------+-------------------------------------------
     0 | D:1      | Crookyman the Demonspawn Gladiator began the quest for the
                  | Orb.
     0 | D:1      | Reached XP level 1. HP: 16/16 MP: 1/1
   385 | D:1      | Reached skill level 3 in Long Blades
   385 | D:1      | Gained mutation: You have a pair of small antennae on your
                  | head. [demonic ancestry]
   385 | D:1      | Reached XP level 2. HP: 14/22 MP: 2/2
   963 | D:1      | Slain by a jackal

Illustrated notes

Levels and vault maps discovered:
D:1:      lemuel_arrival_rhombus, layout_rooms,
          shapermc_ecumenical_altar_flowoftime, minmay_gold_behind_fungi,
          fountainhead, wander_ebering_terrifying_dragon_lair

Skill      XL: |  1 |
---------------+----+-----
Long Blades    | 3 |  3.1
Fighting       | |  2.1
Throwing       | |  1.8
Armour         | |  0.5
Dodging        | |  2.7

Action                   || total
-------------------------++-------
Melee: Long sword        ||    57
       Punch             ||     2
  Use: Scroll            ||     1
Armor: Leather armour    ||    21
Dodge: Dodged            ||    59

Table legend: (Time is in decaauts)
 A = Elapsed time spent in this place.
 B = Non-inter-level travel time spent in this place.
 C = Inter-level travel time spent in this place.
 D = Time resting spent in this place.
 E = Time spent auto-exploring this place.
 F = Levels seen in this place.
 G = Mean time per level.
                   A        B        C        D        E       F      G
               +--------+--------+--------+--------+--------+-----+--------+
         Total |    978 |    978 |      0 |    258 |    582 |   1 |  978.0 |
       Dungeon |    978 |    978 |      0 |    258 |    582 |   1 |  978.0 |
               +--------+--------+--------+--------+--------+-----+--------+

Top non-repeatable levels by time:
     D:1: 978 daAuts
